 Dungeon Crawl Stone Soup version 0.19-a0-1008-g4c63d25 (webtiles) character file.

413 Implojin the Ruffian (level 6, -7/51 HPs)
             Began as a Minotaur Fighter on July 21, 2016.
             Killed by divine providence
             ... invoked by an orc priest
              (13 damage)
             ... on level 6 of the Dungeon.
             The game lasted 00:05:23 (682 turns).

Implojin the Ruffian (Minotaur Fighter)              Turns: 682, Time: 00:05:24

Health: -7/51      AC: 11    Str: 21    XL:     6   Next: 59%
Magic:  5/5        EV:  5    Int:  5    God:
Gold:   41         SH:  9    Dex: 11    Spells: 0 memorised, 5 levels left

rFire  . . .     SeeInvis .       - Unarmed
rCold  . . .     Gourm    .     m - +0 chain mail
rNeg   . . .     Faith    .     b - +0 shield
rPois  .         Spirit   .     (helmet restricted)
rElec  .         Dismiss  .     e - +1 cloak
rCorr  .         Reflect  .     (no gloves)
SustAt .         Harm     .     (no boots)
MR     .....                    (no amulet)
Stlth  ..........               (no ring)
                                (no ring)

@: not resistant to hostile enchantments, extremely unstealthy
A: retaliatory headbutt, horns 2
a: no special abilities


You were on level 6 of the Dungeon.
You were not hungry.

You visited 1 branch of the dungeon, and saw 7 of its levels.

You collected 41 gold pieces.

Inventory:

Armour
 a - a +0 scale mail
 b - a +0 shield (worn)
 e - a +1 cloak (worn)
 m - a +0 chain mail (worn)
Wands
 f - a wand of random effects (36/48)
Comestibles
 c - a slice of pizza
 d - 2 bread rations
 i - 2 meat rations


   Skills:
 - Level 3.6 Fighting
 - Level 3.6 Armour
 - Level 3.6 Shields
 * Level 7.9 Unarmed Combat


You had 5 spell levels left.
You didn't know any spells.

Dungeon Overview and Level Annotations

Branches:
Dungeon (7/15)
 Temple: D:4-7

Altars:
Dithmenos

Shops:
D:6 (


Innate Abilities, Weirdness & Mutations

You reflexively headbutt those who attack you in melee.
You have a pair of horns on your head.


Message History

The centaur unwields an uncursed shortbow.
The centaur hits you.
* * * LOW HITPOINT WARNING * * *
You see here an arrow.
Unknown command.
Unknown command.
You aren't carrying any potions.
You aren't carrying any spellbooks or scrolls.
You hit the centaur.
The centaur is lightly wounded.
The centaur closely misses you.
The centaur hits you but does no damage.
You punch the centaur!
The centaur is heavily wounded.
You block the centaur's attack.
Your shield and chain mail prevent you from hitting the centaur.
You headbutt the centaur.
The centaur is almost dead.
You block the centaur's attack.
The crimson imp blinks!
Your chain mail prevents you from hitting the centaur.
The centaur is almost dead.
You block the centaur's attack. The centaur barely misses you.
You hit the centaur but do no damage.
You headbutt the centaur, but do no damage.
The centaur is almost dead.
You block the centaur's attack.
You punch the centaur!
You kill the centaur!
Unknown command.
The crimson imp blinks!
The crimson imp blinks!
The orc wizard casts a spell.
The orc wizard flickers and vanishes!
Deactivating autopickup; reactivate with Ctrl-A.
You aren't carrying any spellbooks or scrolls.
You aren't carrying any potions.
Unknown command.
The orc priest invokes the aid of Beogh against you.
Beogh smites you!
You die...

##†#o####....#.o###......
##∩#.#..'....'....#......
########{#..#..).#....#.<....
#....(((.####...(####+#.Z....
#......(.o............o.S<...
#............$...............
#......5...o..........§§§§...
##+##.................§§§....
*,,,###+#...@............§...
*,,,,,,,###+##......####.....
**,,**,,,,,,,#......#,,#.....
**,,**,,,,,,,#......#,,#.....
*,,,,,,,,,,,,+......#,,#.....
*,,,***+**,,,#......*,,#.....
*,,,*,,,,**+**....,.**,#.....
**,,*,,,,,,,,,,,,*+***,###...
****,,,,,,,,,,,,*,,,,,,,*...


You could see an orc warrior, an orc priest and a crimson imp.

Vanquished Creatures
  A centaur (D:6)
  Blork the orc (D:6)
  A giant frog (D:6)
  2 scorpions
  An orc priest (D:7)
  A giant frog skeleton (D:6)
  A worker ant (D:4)
  2 adders
  An orc (D:7)
  A ball python (D:3)
  A giant cockroach (D:3)
  2 goblins (D:1)
  2 hobgoblins (D:3)
  A kobold (D:3)
  A rat (D:1)
19 creatures vanquished.

Notes
Turn   | Place    | Note
-------+----------+-------------------------------------------
     0 | D:1      | Implojin the Minotaur Fighter began the quest for the Orb.
     0 | D:1      | Reached XP level 1. HP: 19/19 MP: 0/0
   232 | D:3      | Reached skill level 3 in Unarmed Combat
   306 | D:3      | Reached XP level 2. HP: 25/26 MP: 1/1
   410 | D:4      | Reached skill level 4 in Unarmed Combat
   410 | D:4      | Reached XP level 3. HP: 19/31 MP: 2/2
   415 | D:4      | Noticed a scorpion
   423 | D:4      | Killed a scorpion
   423 | D:4      | Reached skill level 5 in Unarmed Combat
   423 | D:4      | Reached XP level 4. HP: 3/39 MP: 3/3
   429 | D:5      | Entered Level 5 of the Dungeon
   443 | D:6      | Found a shadowy altar of Dithmenos.
   473 | D:6      | Noticed a giant frog
   474 | D:6      | Noticed Blork the orc
   575 | D:6      | Noticed a giant frog
   588 | D:6      | Killed Blork the orc
   588 | D:6      | Reached skill level 6 in Unarmed Combat
   588 | D:6      | Reached XP level 5. HP: 4/45 MP: 4/4
   606 | D:6      | Found Xownariso's Antique Weapon Shoppe.
   615 | D:6      | Reached skill level 7 in Unarmed Combat
   615 | D:6      | Reached XP level 6. HP: 9/51 MP: 5/5
   642 | D:7      | Noticed an orc warrior
   664 | D:6      | Noticed an orc warrior
   682 | D:6      | Killed from afar by an orc priest

Vault maps used:
D:1:      kilobyte_arrival_exit_the_forest
D:2:      kennysheep_flooded_box, minivault_14
D:3:      first_bread, serial_glass, glass_columns_a, glass_columns_c,
          item_on_display_a, feat_on_display, minmay_strange_pillars,
          grunt_qazlal_clouds
D:4:      lemuel_blue_sif_altar, moated_statue, uniq_edmund
D:5:      minmay_misc_feat_tower, grunt_gozag_statues, uniq_eustachio
D:6:      grunt_dithmenos_smoke, serial_shops, nicolae_shop_window_shopping,
          uniq_blork_the_orc
D:7:      serial_shops, nicolae_shop_trees, nicolae_island_escapes

Skill      XL: |  1  2  3  4  5 |
---------------+----------------+-----
Unarmed Combat | 3 4 5 6 7 |  7.9
Fighting       | |  3.6
Armour         | |  3.6
Shields        | |  3.6

Action                   |  1- 3 |  4- 6 || total
-------------------------+-------+-------++-------
Melee: Unarmed           |    27 |    38 ||    65
       Headbutt          |     2 |    11 ||    13
  Use: Scroll            |     1 |     6 ||     7
       Potion            |     1 |     2 ||     3
Armor: Scale mail        |     6 |       ||     6
       Chain mail        |     2 |    23 ||    25
Dodge: Dodged            |     7 |    12 ||    19
Block: Shield            |     6 |    32 ||    38

Table legend:
 A = Turns spent in this place as a percentage of turns spent in the entire game.
 B = Non-inter-level travel turns spent in this place as a percentage of non-inter-level travel turns spent in the entire game.
 C = Inter-level travel turns spent in this place as a percentage of turns spent in this place.
 D = Turns resting spent in this place as a percentage of non-inter-level travel turns spent in this place.
 E = Turns spent auto-exploring this place as a percentage of non-inter-level travel turns spent in this place.
 F = Non-inter-level travel turns spent in this place divided by the number of levels of this place that you've seen.
                   A       B       C       D       E      F
               +-------+-------+-------+-------+-------+----------------------
         Total | 100.0 | 100.0 |   0.0 |   0.0 |   0.0 | 103.0
       Dungeon | 100.0 | 100.0 |   0.0 |   0.0 |   0.0 | 103.0
               +-------+-------+-------+-------+-------+----------------------

Table legend:
 A = Kills in this place as a percentage of kills in entire the game.
 B = Kills by you in this place as a percentage of kills by you in the entire game.
 C = Kills by friends in this place as a percentage of kills by friends in the entire game.
 D = Other kills in this place as a percentage of other kills in the entire game.
 E = Experience gained in this place as a percentage of experience gained in the entire game.
 F = Experience gained in this place divided by the number of levels of this place that you have seen.
                   A       B       C       D       E      F
               +-------+-------+-------+-------+-------+----------------------
         Total | 100.0 | 100.0 |  -nan |  -nan | 100.0 |  84.4
       Dungeon | 100.0 | 100.0 |  -nan |  -nan | 100.0 |  84.4
               +-------+-------+-------+-------+-------+----------------------
